 Dungeon Crawl Stone Soup version 0.23.1-37-gaa34b87 (webtiles) character file.

Game seed: 15997552779081549040

3495 vishdafish the Contemplative (level 10, -4/59 HPs)
             Began as an Octopode Fighter on Mar 21, 2019.
             Was a Priest of Cheibriados.
             Slain by a hornet (17 damage)
             ... while paralysed by a hornet
             ... on level 8 of the Dungeon.
             The game lasted 00:13:10 (7776 turns).

vishdafish the Contemplative (Octopode Fighter)     Turns: 7776, Time: 00:13:10

Health: -4/59      AC:  1    Str: 25    XL:     10   Next: 7%
Magic:  18/18      EV:  2    Int: 21    God:    Cheibriados [***...]
Gold:   421        SH:  0    Dex: 23    Spells: 6/9 levels left

rFire    . . .     SeeInvis .     - Unarmed
rCold    . . .     Gourm    .   a - +0 shield
rNeg     + . .     Faith    .   (helmet restricted)
rPois    .         Spirit   .   (no amulet)
rElec    .         Reflect  .   d - ring of positive energy
rCorr    .         Harm     .   (no ring)
MR       .....                  (no ring)
Stlth    +++.......             (no ring)
HPRegen  0.19/turn              (no ring)
MPRegen  0.16/turn              (no ring)
                                (no ring)
                                (no ring)

@: paralysed, lethally poisoned (-4 -> -13), slowed, very slow
A: almost no armour, stealthy swim, amphibious, 8 rings, constrict 8, camouflage
1, agile 1, frail 1, high mp 1, strong 1, gelatinous body 1
a: Bend Time, Temporal Distortion, Renounce Religion


You were on level 8 of the Dungeon.
You worshipped Cheibriados.
Cheibriados was most pleased with you.
You were not hungry.

You visited 2 branches of the dungeon, and saw 9 of its levels.

You collected 421 gold pieces.

Inventory:

Hand Weapons
 x - a +0 blowgun
Missiles
 e - 2 tomahawks (quivered)
 y - 2 curare-tipped needles
Armour
 a - a +0 shield (worn)
Jewellery
 d - a ring of positive energy (left tentacle)
Wands
 p - a wand of clouds (3)
 z - a wand of paralysis (12)
 A - a wand of polymorph (5)
Scrolls
 g - 4 scrolls of teleportation
 m - a scroll of random uselessness
 o - a scroll of noise {unknown}
 q - 2 scrolls of enchant armour {unknown}
 s - 2 scrolls of amnesia {unknown}
 t - a scroll of magic mapping {unknown}
 v - a scroll of immolation
 B - a scroll of identify
Potions
 b - a potion of might
 f - 2 potions of cancellation
 h - 3 potions of haste
 i - 6 potions of curing
 j - a potion of heal wounds
 k - a potion of brilliance
 l - 2 potions of lignification
 n - a potion of ambrosia
 r - a potion of resistance
 u - 2 potions of flight
 w - a potion of magic
Comestibles
 c - 21 rations
 C - 2 chunks of flesh


   Skills:
 + Level 5.1 Fighting
 - Level 3.3 Dodging
 - Level 0.3 Stealth
 - Level 5.2 Shields
 - Level 7.6 Unarmed Combat
 - Level 9.5 Invocations
 * Level 5.5 Evocations


You had 6 spell levels left.
You knew the following spells:

 Your Spells              Type           Power        Failure   Level  Hunger
a - Conjure Flame         Conj/Fire      #.......     88%         3    ####...

Your spell library contained the following spells:

 Spells                   Type           Power        Failure   Level  Hunger
 Animate Skeleton         Necr           N/A          54%         1    ##.....
 Flame Tongue             Conj/Fire      #....        54%         1    ##.....
 Pain                     Necr           #...         54%         1    ##.....
 Throw Flame              Conj/Fire      #.....       67%         2    ###....
 Inner Flame              Hex/Fire       #.......     88%         3    ####...
 Regeneration             Chrm/Necr      #.........   88%         3    ####...
 Vampiric Draining        Necr           #.........   88%         3    ####...
 Animate Dead             Necr           N/A          99%         4    #####..
 Sticky Flame             Conj/Fire      #.......     99%         4    #####..
 Fireball                 Conj/Fire      #.........   100%        5    ######.


Dungeon Overview and Level Annotations

Branches:
Dungeon (8/15)             Temple (1/1) D:4
   Lair: D:8-11

Altars:
Ashenzari
Cheibriados
Dithmenos
Elyvilon
Fedhas
Gozag
Hepliaklqana
Kikubaaqudgha
Makhleb
Nemelex Xobeh
Okawaru
Qazlal
Ru
Sif Muna
Trog
Uskayaw
Vehumet
Wu Jian
Xom
Yredelemnul
Zin
The Shining One

Shops:
D:6 *   D:8 (

Annotations:
D:7 2 transporters, 1 runed translucent door, dscm's ghost, novice DsGl


Innate Abilities, Weirdness & Mutations

You cannot wear most types of armour.
You are very stealthy in the water. (Stealth+)
You are amphibious.
You can wear up to eight rings at the same time.
You can use your tentacles to constrict eight enemies at once.
Your skin changes colour to match your surroundings (Stealth+).
Your rubbery body absorbs attacks. (AC +1, EV +1)
You are agile. (Dex +2)
You are frail. (-10% HP)
You have an increased reservoir of magic. (+10% MP)
Your muscles are strong. (Str +2)


Message History

You see here 21 bolts.
You see here a large shield.
c - 21 rations (gained 1) Eating one of 3 chunks of flesh.
You eat one of the 3 chunks of flesh.
This raw flesh tastes terrible.
A hornet comes into view.
A hornet is nearby!
The hornet buzzes angrily.
The hornet stings you!
You are poisoned.
You suddenly lose the ability to move!
The hornet stings you!
You are more poisoned.
You feel yourself slow down.
You feel sick. The hornet stings you.
You feel as though you will be slow longer.
You feel sick. The hornet stings you!!
* * * LOW HITPOINT WARNING * * *
You feel as though you will be slow longer.
The hornet stings you!
You die...

#.# # #.###
#.# #. #
##.### .. #
#....# #
..# #
#....#.# #
#...$#.###
#
#........#
###
#....#.#...
..###..
#..@.#.# #
........
#..y.# #
.#.#.###
#....# #
#####. .#
.. ... ..#


You could see a hornet.

Vanquished Creatures
  A hippogriff (D:8)
  Sigmund (D:4)
  A water moccasin (D:6)
  2 sky beasts
  2 orc warriors
  A black bear (D:7)
  2 phantoms
  3 centaurs
  4 ogres
  2 bullfrogs
  A big kobold (D:8)
  7 scorpions
  3 wights (D:8)
  A howler monkey (D:6)
  A centaur zombie (D:7)
  4 hounds
  4 jellies
  A centaur skeleton (D:8)
  6 orc priests
  3 iguanas
  5 orc wizards
  3 worker ants
  15 adders
  2 shadow imps
  7 oozes
  An adder zombie (D:5)
  2 adder skeletons
  2 worms (D:2)
  3 dart slugs
  6 leopard geckos
  27 orcs
  11 bats
  8 giant cockroaches
  5 goblins
  4 hobgoblins
  19 jackals
  12 kobolds
  A quokka (D:4)
  A ball python (D:3)
  8 frilled lizards
  A quokka zombie (D:6)
  10 rats
203 creatures vanquished.

Vanquished Creatures (collateral kills)
  A bullfrog (D:7)
1 creature vanquished.

Vanquished Creatures (others)
  A quokka skeleton (D:7)
1 creature vanquished.

Grand Total: 205 creatures vanquished

Notes
Turn   | Place    | Note
-------+----------+-------------------------------------------
     0 | D:1      | vishdafish the Octopode Fighter began the quest for the
                  | Orb.
     0 | D:1      | Reached XP level 1. HP: 16/16 MP: 1/1
    61 | D:1      | Reached XP level 2. HP: 11/21 MP: 2/2
   361 | D:1      | Reached XP level 3. HP: 24/26 MP: 3/3
  1294 | D:2      | Reached XP level 4. HP: 23/31 MP: 4/4
  1394 | D:2      | Found a faded altar of an unknown god.
  1452 | D:2      | Found a stormy altar of Qazlal.
  2019 | D:3      | Reached XP level 5. HP: 32/36 MP: 5/5
  2237 | D:3      | Found a shadowy altar of Dithmenos.
  2308 | D:3      | Found a glowing golden altar of the Shining One.
  2401 | D:3      | Reached XP level 6. HP: 34/42 MP: 6/6
  2403 | D:3      | Found a deep blue altar of Sif Muna.
  2677 | D:4      | Reached skill level 5 in Shields
  2716 | D:4      | Found a staircase to the Ecumenical Temple.
  2732 | Temple   | Entered the Ecumenical Temple
  2907 | Temple   | Became a worshipper of Cheibriados the Contemplative
  3227 | D:4      | Noticed Sigmund
  3234 | D:4      | Killed Sigmund
  3234 | D:4      | Reached skill level 2 in Invocations
  3234 | D:4      | Reached XP level 7. HP: 37/46 MP: 6/9
  3406 | D:4      | Reached skill level 5 in Unarmed Combat
  3406 | D:4      | Reached skill level 3 in Invocations
  3552 | D:5      | Entered Level 5 of the Dungeon
  3643 | D:5      | Reached skill level 4 in Invocations
  3673 | D:5      | Reached * piety under Cheibriados
  4008 | D:5      | Found a sparkling altar of Nemelex Xobeh.
  4352 | D:6      | Reached skill level 5 in Invocations
  4359 | D:6      | Reached XP level 8. HP: 30/52 MP: 10/12
  4528 | D:6      | Reached skill level 6 in Invocations
  4877 | D:6      | Found a hide-covered altar of Uskayaw.
  4878 | D:6      | Found a blossoming altar of Fedhas.
  4879 | D:6      | Found an opulent altar of Gozag.
  4882 | D:6      | Found a radiant altar of Vehumet.
  5050 | D:6      | Found Nypnutt's Serpentskin Sales.
  5052 | D:6      | Reached skill level 7 in Invocations
  5829 | D:6      | Reached ** piety under Cheibriados
  5920 | D:7      | Reached skill level 8 in Invocations
  5920 | D:7      | Reached XP level 9. HP: 31/57 MP: 13/15
  6120 | D:7      | Found a white marble altar of Elyvilon.
  6122 | D:7      | Noticed a yaktaur
  6123 | D:7      | Noticed a seven-headed hydra
  6124 | D:7      | Found a transporter.
  6157 | D:7      | Found a transporter.
  6335 | D:7      | Found a runed translucent door.
  6336 | D:7      | Found a shimmering altar of Xom.
  6336 | D:7      | Noticed dscm's ghost (novice DsGl)
  6337 | D:7      | Noticed a +2 mace of chaos
  6407 | D:7      | Noticed an angel
  6409 | D:7      | Found a shimmering altar of Xom.
  6410 | D:7      | Found a glowing silver altar of Zin.
  6451 | D:7      | Reached skill level 9 in Invocations
  6510 | D:7      | Gained mutation: Your muscles are strong. (Str +2) [potion
                  | of mutation]
  6510 | D:7      | Gained mutation: You are frail. (-10% HP) [potion of
                  | mutation]
  6510 | D:7      | Gained mutation: You have an increased reservoir of magic.
                  | (+10% MP) [potion of mutation]
  6510 | D:7      | Gained mutation: You are agile. (Dex +2) [potion of
                  | mutation]
  6542 | D:7      | Found a hazy altar of Hepliaklqana.
  6744 | D:8      | Reached skill level 1 in Evocations
  6985 | D:8      | Learned a level 3 spell: Conjure Flame
  7031 | D:8      | Reached *** piety under Cheibriados
  7406 | D:8      | Reached XP level 10. HP: 41/58 MP: 18/18
  7635 | D:8      | Reached skill level 5 in Evocations
  7710 | D:8      | Found Nonefihu's Weapon Shoppe.
  7733 | D:8      | Reached skill level 5 in Fighting
  7774 | D:8      | Paralysed by a hornet for 3 turns
  7776 | D:8      | Slain by a hornet

Skill      XL: |  1  2  3  4  5  6  7  8  9 10 |
---------------+-------------------------------+-----
Shields        | 4 5 |  5.2
Unarmed Combat | 3 4 5 6 7 |  7.6
Invocations    | 2 5 8 9 |  9.5
Evocations     | 4 5 |  5.5
Fighting       | 4 5 |  5.1
Dodging        | |  3.3
Stealth        | |  0.3

Action                   |  1- 3 |  4- 6 |  7- 9 | 10-12 || total
-------------------------+-------+-------+-------+-------++-------
Melee: Unarmed           |    84 |   143 |   279 |    22 ||   528
       Constrict         |    27 |    38 |    63 |     1 ||   129
       Tentacles         |    23 |    31 |    73 |     9 ||   136
       Punch             |       |     6 |    21 |     2 ||    29
Throw: Tomahawk          |       |       |     2 |       ||     2
Invok: Bend Time         |       |       |     4 |       ||     4
Evoke: Wand              |       |       |     6 |     1 ||     7
  Use: Scroll            |     4 |     5 |     7 |       ||    16
       Potion            |       |     1 |     3 |     1 ||     5
 Stab: Sleeping          |     5 |    12 |     8 |     1 ||    26
       Distracted        |     1 |       |       |       ||     1
       Paralysed         |       |       |     2 |     1 ||     3
       Confused          |       |       |     1 |       ||     1
  Eat: Chunk             |       |     7 |     7 |     2 ||    16
Armor: Skin              |    11 |     7 |    12 |       ||    30
Dodge: Dodged            |    44 |    69 |   105 |    12 ||   230
Block: Shield            |    28 |    69 |   141 |    12 ||   250
